 Dungeon Crawl Stone Soup version 0.21.1-1-g345015f (webtiles) character file.

3030 Huguerabananera the Cleaver (level 9, -1/75 HPs)
             Began as a Minotaur Berserker on June 12, 2018.
             Was an Elder of Trog.
             Slain by a killer bee (4 damage)
             ... on level 7 of the Dungeon on June 13, 2018.
             The game lasted 01:11:56 (9783 turns).

Huguerabananera the Cleaver (Minotaur Berserker)    Turns: 9783, Time: 01:11:59

Health: -1/75      AC: 12    Str: 25    XL:     9   Next: 56%
Magic:  8/8        EV:  6    Int:  4    God:    Trog [****..]
Gold:   376        SH: 21    Dex: 10    Spells: 8/8 levels left

rFire    + . .     SeeInvis .   a - +0 hand axe
rCold    . . .     Gourm    .   k - +4 large shield
rNeg     . . .     Faith    .   I - +0 chain mail
rPois    .         Spirit   .   (helmet restricted)
rElec    .         Reflect  .   o - +0 cloak
rCorr    .         Harm     .   p - +0 pair of gloves
MR       .....                  (no boots)
Stlth    ..........             (no amulet)
HPRegen  0.22/turn              r - ring of fire
MPRegen  0.11/turn              V - ring of protection from cold

@: lethally poisoned (-1 -> -16)
A: retaliatory headbutt, horns 2
a: Berserk, Trog's Hand, Brothers in Arms, Burn Spellbooks, Renounce Religion


You were on level 7 of the Dungeon.
You worshipped Trog.
Trog was greatly pleased with you.
You were not hungry.

You visited 2 branches of the dungeon, and saw 9 of its levels.

You collected 376 gold pieces.

Inventory:

Hand Weapons
 a - a +0 hand axe (weapon)
 b - a +0 hand crossbow
 g - a +1 spear of venom
 h - a +0 hunting sling
 i - a +0 whip
 v - a +0 hand axe
 A - a +0 falchion
 D - a +3 trident
 F - a +0 rapier
 H - a +3 dire flail of protection
 T - a +0 whip of flaming
 W - a +0 giant spiked club
 Y - a +0 giant spiked club
Missiles
 t - 7 tomahawks (quivered)
 w - 21 poisoned needles
 y - a throwing net
Armour
 j - a +0 ring mail
 k - a +4 large shield (worn)
 n - a +0 scale mail
 o - a +0 cloak (worn)
 p - a +0 pair of gloves (worn)
 u - a +0 animal skin
 I - a +0 chain mail (worn)
 Z - a +0 helmet
Jewellery
 r - a ring of fire (left hand)
 E - an uncursed ring of see invisible {unknown}
 L - an uncursed ring of fire
 V - a ring of protection from cold (right hand)
Wands
 m - a wand of random effects (13)
 S - a wand of enslavement (11)
Scrolls
 d - a scroll of fear
 l - a scroll of teleportation
 q - a scroll of immolation
 B - 7 scrolls of identify
 O - 2 scrolls of enchant weapon {unknown}
Potions
 e - 2 potions of heal wounds
 f - a potion of flight {unknown}
 s - 3 potions of curing
 x - 3 potions of ambrosia
 z - 2 potions of mutation {unknown}
 C - 3 potions of brilliance
 G - a potion of invisibility {unknown}
 J - a potion of haste {unknown}
 K - 2 potions of lignification {unknown}
 M - a potion of agility {unknown}
 Q - a potion of magic {unknown}
 R - a potion of berserk rage {unknown}
 U - a potion of might {unknown}
Books
 N - a book of Callings

   Spells                             Type                      Level
   a - Summon Small Mammal            Summoning                    1
   b - Call Imp                       Summoning                    2
   c - Call Canine Familiar           Summoning                    3
   d - Summon Guardian Golem          Hexes/Summoning              3
   e - Summon Lightning Spire         Summoning/Air                4
   f - Summon Ice Beast               Ice/Summoning                4
   Trog disapproves of the use of such an item.
 P - a book of Misfortune

   Spells                             Type                      Level
   a - Confusing Touch                Hexes                        1
   b - Confuse                        Hexes                        3
   c - Gell's Gravitas                Translocation                3
   d - Petrify                        Transmutation/Earth          4
   e - Metabolic Englaciation         Hexes/Ice                    5
   f - Yara's Violent Unravelling     Hexes/Transmutation          5
   Trog disapproves of the use of such an item.
Comestibles
 c - 16 rations


   Skills:
 + Level 6.2 Fighting
 * Level 11.2 Axes
 + Level 6.0 Armour
 + Level 4.2 Dodging
 + Level 0.5 Stealth
 + Level 7.8 Shields


You had 8 spell levels left.
You didn't know any spells.

Dungeon Overview and Level Annotations

Branches:
Dungeon (8/15)             Temple (1/1) D:5
   Lair: D:8-11

Altars:
Cheibriados
Dithmenos
Elyvilon
Hepliaklqana
Makhleb
Nemelex Xobeh
Okawaru
Ru
Sif Muna
Trog
Uskayaw
Wu Jian
Xom
Zin

Shops:
D:5 (


Innate Abilities, Weirdness & Mutations

You reflexively headbutt those who attack you in melee.
You have a pair of horns on your head.


Message History

You closely miss the killer bee. Your headbutt misses the killer bee.
The killer bee is almost dead.
You hit the killer bee.
You feel sick. You block the killer bee's attack. x2
The killer bee stings you but does no damage.
You block the killer bee's attack.
You miss the killer bee. Your headbutt misses the killer bee.
The killer bee is severely wounded.
You hit the killer bee.
You feel sick. The killer bee stings you.
* * * LOW HITPOINT WARNING * * *
You are more poisoned.
The killer bee poisons you! The killer bee stings you.
* * * LOW HITPOINT WARNING * * *
You block the killer bee's attack. x2
You slash the killer bee!
You kill the killer bee!
Trog accepts your kill.
You miss the killer bee.
* * * LOW HITPOINT WARNING * * *
You feel sick. The killer bee stings you.
You die...

....##.# ....##.#
....##.#########
....##.........#
...............#
......#........#
#..(..#........#
#.)(..#.....[..########
'.....'........y@.....#
#.....#........#†####.#
#..............#.# #.#
#..............#.# #.#
#........#####.#.####.#
#.###....# #.#......#
#.# #....# #.########
#.# #....# #.#
#.###....# #.#


You could see a killer bee.

Vanquished Creatures
  Pikel (D:7)
  Prince Ribbit (D:6)
  A hippogriff (D:7)
  Edmund (D:5)
  A sky beast (D:7)
  A phantom (D:6)
  A slave (D:7)
  2 ogres (D:7)
  4 centaurs
  4 jellies
  6 killer bees
  3 wights (D:6)
  A howler monkey (D:4)
  A bullfrog zombie (D:7)
  6 hounds
  4 orc wizards
  An orc priest (D:6)
  A gnoll shaman (D:3)
  Ijyb (D:3)
  3 iguanas
  2 worker ants
  2 hound skeletons
  9 gnolls
  7 adders
  A shadow imp (D:7)
  4 oozes
  2 adder skeletons
  4 worms
  2 dart slugs (D:2)
  5 leopard geckos
  14 orcs
  A ball python (D:4)
  5 giant cockroaches
  2 goblins
  4 hobgoblins
  7 jackals
  3 quokkas
  3 bats
  6 frilled lizards
  5 kobolds
  A leopard gecko skeleton (D:4)
  A quokka skeleton (D:4)
  A quokka zombie (D:7)
  9 rats
  A bush (D:3)
  A fungus (D:2)
146 creatures vanquished.

Vanquished Creatures (others)
  A sky beast (D:6)
1 creature vanquished.

Grand Total: 147 creatures vanquished

Notes
Turn   | Place    | Note
-------+----------+-------------------------------------------
     0 | D:1      | Huguerabananera the Minotaur Berserker began the quest for the Orb.
     0 | D:1      | Reached XP level 1. HP: 19/19 MP: 0/0
   274 | D:1      | Reached skill level 4 in Axes
   274 | D:1      | Reached XP level 2. HP: 27/27 MP: 1/1
   956 | D:2      | Reached XP level 3. HP: 32/33 MP: 2/2
  1265 | D:2      | Reached skill level 5 in Axes
  1265 | D:2      | Reached XP level 4. HP: 41/41 MP: 3/3
  1281 | D:2      | Reached skill level 1 in Shields
  1633 | D:2      | Found a snail-covered altar of Cheibriados.
  1717 | D:2      | Noticed a moth of wrath
  1720 | D:2      | Found a bloodstained altar of Trog.
  1880 | D:3      | Noticed Ijyb
  1898 | D:3      | Killed Ijyb
  1903 | D:3      | Reached ** piety under Trog
  1903 | D:3      | Reached XP level 5. HP: 41/47 MP: 4/4
  2970 | D:3      | Reached skill level 6 in Axes
  2982 | D:3      | Found an iron altar of Okawaru.
  3955 | D:4      | Reached XP level 6. HP: 53/53 MP: 5/5
  4561 | D:5      | Entered Level 5 of the Dungeon
  4820 | D:5      | Found a staircase to the Ecumenical Temple.
  4829 | Temple   | Entered the Ecumenical Temple
  5039 | D:5      | Noticed Edmund
  5085 | D:5      | Killed Edmund
  5085 | D:5      | Reached skill level 5 in Fighting
  5085 | D:5      | Reached skill level 7 in Axes
  5085 | D:5      | Reached XP level 7. HP: 23/61 MP: 6/6
  5178 | D:5      | Found a sparkling altar of Nemelex Xobeh.
  5302 | D:5      | Found a deep blue altar of Sif Muna.
  5392 | D:5      | Reached *** piety under Trog
  5599 | D:5      | Found Bidi's Antique Weapon Shop.
  6215 | D:6      | Noticed Prince Ribbit
  6485 | D:6      | Reached skill level 8 in Axes
  6575 | D:6      | Found an ornate altar of the Wu Jian Council.
  6629 | D:6      | Reached XP level 8. HP: 39/68 MP: 7/7
  6955 | D:6      | Reached skill level 5 in Shields
  7024 | D:6      | Reached skill level 9 in Axes
  7205 | D:6      | Reached skill level 5 in Armour
  8054 | D:6      | Killed Prince Ribbit
  8272 | D:7      | Found a hide-covered altar of Uskayaw.
  8487 | D:7      | Noticed Pikel
  8554 | D:7      | Killed Pikel
  8554 | D:7      | Reached skill level 10 in Axes
  8554 | D:7      | Reached XP level 9. HP: 68/75 MP: 8/8
  8770 | D:7      | Reached **** piety under Trog
  9102 | D:7      | Reached skill level 11 in Axes
  9398 | D:8      | Found a glowing silver altar of Zin.
  9783 | D:7      | HP: 3/75 [poisoned by a killer bee]
  9783 | D:7      | Slain by a killer bee

Skill      XL: |  1  2  3  4  5  6  7  8  9 |
---------------+----------------------------+-----
Axes           | 4 5 6 7 8 10 11 | 11.2
Fighting       | 4 5 6 |  6.2
Shields        | 1 2 3 4 6 7 |  7.8
Armour         | 3 4 5 6 |  6.0
Dodging        | 3 4 |  4.2
Stealth        | |  0.5

Action                   |  1- 3 |  4- 6 |  7- 9 || total
-------------------------+-------+-------+-------++-------
Melee: Hand axe          |    82 |   284 |   394 ||   760
       Headbutt          |    12 |    70 |    87 ||   169
  Use: Scroll            |     4 |     2 |     6 ||    12
  Eat: Ration            |     1 |     3 |     3 ||     7
       Chunk             |       |     2 |     5 ||     7
Armor: Animal skin       |     2 |       |       ||     2
       Ring mail         |    16 |     9 |       ||    25
       Scale mail        |       |    39 |       ||    39
       Chain mail        |       |       |   110 ||   110
Dodge: Dodged            |    23 |    31 |    42 ||    96
Block: Large shield      |    37 |   171 |   333 ||   541
